Construct Infanterie Kompanie
Selects Mechanized Battlegroup
Construct Panzergrenadier Kompanie
Selects Mobile Repair Stations
Pak 40 Anti-tank Gun Team
Pak 40 Anti-tank Gun Team
Panzergrenadier Officer Quarters
Pak 40 Anti-tank Gun Team
Selects Wespe Self-propelled Artillery
Wespe Self-propelled Artillery
Wespe Self-propelled Artillery
Selects Zeroing Artillery Barrage
Selects StuG Assault Group
Wespe Self-propelled Artillery
Wespe Self-propelled Artillery
Selects UNKNOWN (2160084)
Selects Zeroing Artillery Barrage
Zeroing Artillery Barrage
Infanterie Officer Quarters
Zeroing Artillery Barrage
Zeroing Artillery Barrage